AoeStats
← E-d-d-i-e91G

Lombardia

509832617Analyzed
2v2 RM · 5d ago on Sep 28, 2026· 75m 58s· 4 players
Game mode
Random Map
Map size
Medium (4 player)
Population
200
Speed
Normal
Resources
Standard
Victory
Conquest
Starting age
Dark Age
Ending age
Imperial Age
RankedLock teamsTeams togetherTeam positionsShared explorationLock speedFull tech treeHidden civsTurbo modeCheats
Victory
Defeat
🇦🇺 Gurjaras · Australia
465
+14
🇳🇱 Turks · Netherlands
449
+14
🇦🇺 Goths · Australia
416
-14
🇦🇺 Khmer · Australia
412
-14
E-d-d-i-e91G
11:02 Feudal Age
13:35 Double-Bit Axe
15:41 Gold Mining
21:18 Horse Collar
24:26 Wheelbarrow
23:39 Town Watch
25:13 Bloodlines
29:35 Castle Age
31:05 Husbandry
30:53 Crossbowman
32:10 Padded Archer Armor
34:28 Bow Saw
39:34 Caravan
40:01 Hand Cart
45:58 Imperial Age
44:17 Leather Archer Armor
45:42 Tusk Swords
48:27 Ring Archer Armor
47:23 Arbalester
50:27 Double Crossbow
51:57 Stone Mining
52:41 Heavy Plow
57:24 Fletching
57:02 Elite Ballista Elephant
58:27 Bodkin Arrow
60:09 Bracer
60:16 Scale Barding Armor
60:25 Forging
66:38 Chemistry
66:00 Ballistics
70:50 Hoardings
IAMASTROMAN9714
11:05 Feudal Age
14:30 Double-Bit Axe
16:40 Wheelbarrow
17:15 Gold Mining
21:00 Stone Mining
20:56 Horse Collar
26:04 Castle Age
24:20 Scale Mail Armor
24:31 Forging
23:49 Man-at-Arms
26:35 Scale Barding Armor
27:13 Chain Mail Armor
26:22 Long Swordsman
28:39 Bloodlines
28:36 Heavy Plow
30:27 Husbandry
31:16 Bow Saw
33:00 Loom
34:55 Chain Barding Armor
36:24 Hand Cart
37:57 Elite Skirmisher
37:58 Crossbowman
38:48 Padded Archer Armor
39:25 Iron Casting
40:45 Fletching
41:11 Leather Archer Armor
43:49 Bodkin Arrow
45:22 Ballistics
48:14 Imperial Age
48:58 Caravan
49:15 Two-Handed Swordsman
50:58 Blast Furnace
51:55 Anarchy
55:38 Chemistry
60:07 Two-Man Saw
59:09 Cavalier
59:24 Champion
GOG
5:19 Loom
12:02 Feudal Age
17:51 Wheelbarrow
19:31 Gold Mining
19:29 Double-Bit Axe
23:07 Castle Age
22:10 Stone Mining
23:28 Horse Collar
26:19 Bow Saw
28:46 Hand Cart
29:27 Gold Shaft Mining
32:59 Stone Shaft Mining
34:50 Bloodlines
34:44 Husbandry
36:19 Light Cavalry
37:33 Heavy Plow
44:31 Imperial Age
44:11 Scale Barding Armor
45:57 Conscription
52:03 Elite Chakram Thrower
53:10 Frontier Guards
52:24 Heavy Camel Rider
60:36 Chain Barding Armor
60:27 Forging
61:48 Ballistics
62:33 Chemistry
69:57 Plate Barding Armor
69:57 Iron Casting
Nony042
0:52 Loom
13:38 Feudal Age
14:14 Horse Collar
21:25 Wheelbarrow
24:18 Castle Age
25:44 Heavy Plow
25:59 Gold Mining
26:32 Stone Mining
28:56 Double-Bit Axe
31:17 Gold Shaft Mining
32:59 Bow Saw
37:13 Imperial Age
35:11 Hand Cart
36:19 Town Watch
36:51 Fortified Wall
37:02 Ballistics
36:38 Murder Holes
39:54 Forging
39:36 Fletching
39:47 Padded Archer Armor
39:48 Arrowslits
39:44 Treadmill Crane
41:25 Iron Casting
41:44 Crossbowman
42:31 Thumb Ring
43:31 Town Patrol
44:18 Leather Archer Armor
43:59 Bodkin Arrow
46:11 Conscription
45:45 Sappers
47:38 Blast Furnace
47:39 Ring Archer Armor
47:54 Bracer
48:53 Artillery
54:59 Heated Shot
55:20 Masonry
57:54 Architecture
58:34 Caravan
Connection lost

Rejoining the realm…

Still unreachable

The connection could not be restored.

Session expired

The server has moved on; the page needs a fresh start.